 Dungeon Crawl Stone Soup version 0.29.1-1-gd02db6906a (webtiles) character file.

Game seed: 5307944367870807238

38 Demigod47 the Trooper (level 3, 0/29 HPs)
             Began as a Demonspawn Abyssal Knight on Oct 10, 2022.
             Was a Priest of Lugonu.
             Succumbed to an adder's poison
             ... on level 2 of the Dungeon.
             The game lasted 00:02:01 (2050 turns).

Demigod47 the Trooper (Demonspawn Abyssal Knight)   Turns: 2050, Time: 00:02:02

Health: 0/29       AC:  3    Str: 13    XL:     3   Next: 25%
Magic:  4/4        EV: 11    Int: 11    God:    Lugonu [***...]
Gold:   44         SH:  0    Dex: 15    Spells: 2/2 levels left

rFire   . . .      SeeInvis .   a - +1 short sword
rCold   . . .      Faith    .   (no shield)
rNeg    . . .      Spirit   .   b - +0 leather armour
rPois   .          Reflect  .   (no helmet)
rElec   .          Harm     .   (no cloak)
rCorr   .          Rampage  .   (no gloves)
Will    .....                   (no boots)
Stlth   +.........              (no amulet)
HPRegen 0.09/turn               (no ring)
MPRegen 0.09/turn               (no ring)

@: lethally poisoned (0 -> -14)
A: foul stench 1
a: Renounce Religion, Depart the Abyss, Bend Space, Banish


You were on level 2 of the Dungeon.
You worshipped Lugonu.
Lugonu was most pleased with you.
You visited 1 branch of the dungeon, and saw 2 of its levels.
You visited the Abyss 1 time.

You collected 44 gold pieces.

Inventory:

Hand Weapons
 a - a +1 short sword (weapon)
Armour
 b - a +0 leather armour (worn)
Scrolls
 c - a scroll of summoning {unknown}
 g - 2 scrolls of identify {unknown}
Potions
 d - a potion of ambrosia {unknown}
 e - a potion of invisibility {unknown}
 f - a potion of heal wounds {unknown}


   Skills:
 + Level 3.5 Fighting
 + Level 2.4 Short Blades
 + Level 2.1 Armour
 + Level 1.0 Dodging
 + Level 2.6 Invocations


You had 2 spell levels left.
You didn't know any spells.
Your spell library was empty.

Dungeon Overview and Level Annotations

Branches:
Dungeon (2/15)

Altars:


Innate Abilities, Weirdness & Mutations

You may rarely emit foul miasma when damaged in melee.


Message History

The adder is lightly wounded.
The adder bites you.
You are poisoned.
The adder poisons you! The adder bites you.
You are more poisoned.
The adder poisons you!
You hit the adder.
The adder is moderately wounded.
You feel very sick. The adder closely misses you.
You closely miss the adder.
The adder is moderately wounded.
You feel sick. The adder bites you.
You barely miss the adder.
The adder is moderately wounded.
You feel sick. The adder bites you.
You are more poisoned.
The adder poisons you! The adder bites you.
You are lethally poisoned!
The adder poisons you!
You barely miss the adder.
The adder is moderately wounded.
You feel very sick. The adder closely misses you.
You barely miss the adder.
The adder is moderately wounded.
* * * LOW HITPOINT WARNING * * *
You feel very sick. The adder bites you.
* * * LOW HITPOINT WARNING * * *
You are more poisoned.
The adder poisons you!
You hit the adder.
The adder is moderately wounded.
* * * LOW HITPOINT WARNING * * *
You feel very sick. The adder closely misses you.
You closely miss the adder.
The adder is moderately wounded.
You die...

... ..# #..# ..#
...##..# ##+#.#
#..##..# .....# #..#
..# ..)..# #..# ...
.รท...# #..# #.#
####.# #..# #S#
...#.# #..# #@# #
##.#.######..###.#.#
#......##.........#
#.###....######.##
#.#....### .#
#.#.#.## .# #.#.#.#
.# #.#.#.# .#
##...#.# .#


You could see an adder.

Vanquished Creatures
  2 dart slugs (D:1)
  6 ball pythons (D:1)
  A bat (D:1)
  3 endoplasms (D:1)
  2 giant cockroaches (D:1)
  3 hobgoblins
  2 jackals (D:2)
  4 kobolds (D:1)
  2 frilled lizards (D:1)
  3 goblins
  3 rats
31 creatures vanquished.

Notes
Turn   | Place    | Note
-------+----------+-------------------------------------------
     0 | Abyss:1  | Demigod47 the Demonspawn Abyssal Knight began the quest for
                  | the Orb.
     0 | Abyss:1  | Reached XP level 1. HP: 18/18 MP: 2/2
     3 | D:1      | Escaped the Abyss
   264 | D:1      | Gained mutation: You may rarely emit foul miasma when
                  | damaged in melee. [demonic ancestry]
   264 | D:1      | Reached XP level 2. HP: 6/24 MP: 3/3
   757 | D:1      | Reached skill level 1 in Dodging
  1485 | D:1      | Reached *** piety under Lugonu
  1486 | D:1      | Reached XP level 3. HP: 24/29 MP: 4/4
  1562 | D:1      | Found a faded altar of an unknown god.
  2050 | D:2      | Succumbed to an adder's poison

Illustrated notes

Levels and vault maps discovered:
D:1:      dpeg_chamrin_arrival_tetris, layout_loops_ring,
          serial_co_window_serial, co_window_corner_a,
          co_window_of_opportunity_a, co_window_cross_1,
          co_window_of_opportunity_a, co_window_cross_1, co_window_broadway_b,
          co_window_unsneaky_path_d, co_window_corner_b,
          co_window_unsneaky_path_a, dilly_ecumenical_altar_fadedgnrine
D:2:      layout_basic

Skill      XL: |  1  2 |
---------------+-------+-----
Short Blades   | 2 |  2.4
Dodging        | 1 |  1.0
Armour         | 2 |  2.1
Fighting       | |  3.5
Invocations    | |  2.6

Action                   || total
-------------------------++-------
Melee: Short sword       ||   131
Armor: Leather armour    ||    35
Dodge: Dodged            ||    81
